 Dungeon Crawl Stone Soup version 0.17.0-24-gcfadda4 (webtiles) character file.

207 homeworkjunkie the Sneak (level 5, 0/26 HPs)
             Began as a Spriggan Assassin on Nov 17, 2015.
             Was an Initiate of Okawaru.
             Slain by an adder (2 damage)
             ... in a sewer.
             The game lasted 00:08:39 (2988 turns).

homeworkjunkie the Sneak (Spriggan Assassin)        Turns: 2988, Time: 00:08:40

Health: 0/26       AC:  3    Str:  7    XL:     5   Next: 54%
Magic:  6/6        EV: 17    Int: 12    God:    Okawaru [......]
Gold:   230        SH:  0    Dex: 19    Spells: 0 memorised, 4 levels left

rFire  + . .     SeeInvis +     a - +2 dagger
rCold  . . .     Clarity  .     c - +0 robe
rNeg   . . .     SustAt   .     (shield restricted)
rPois  .         Gourm    .     (helmet restricted)
rElec  .         Spirit   .     d - +0 cloak
rCorr  .         Warding  .     (gloves unavailable)
rMut   .         Rnd*Tele +     (boots unavailable)
MR     .....                    (no amulet)
Stlth  ++........               s - ring of loudness (curse)
                                o - ring of teleportation (curse)

@: lethally poisoned (0 -> -9), constricted, very quick, not resistant to
hostile enchantments, unstealthy
A: unfitting armour, see invisible, fire resistance 1, herbivore 3, speed 3,
slow metabolism 2
a: Renounce Religion, Evoke Teleportation


You were in a sewer.
You worshipped Okawaru.
Okawaru was noncommittal.
You were not hungry.

You visited 1 branch of the dungeon, and saw 4 of its levels.
You also visited: Sewer.

You collected 230 gold pieces.

Inventory:

Hand Weapons
 a - a +2 dagger (weapon)
 b - a +0 blowgun
 n - a +1 dagger of holy wrath
 r - a +0 hunting sling
Missiles
 f - a curare-tipped needle
 k - 3 poisoned needles
 m - 11 sling bullets
Armour
 c - a +0 robe (worn)
 d - a +0 cloak (worn)
Jewellery
 o - a cursed ring of teleportation (left hand)
 s - a cursed ring of loudness (right hand)
Scrolls
 h - a scroll of identify
 p - 6 scrolls of teleportation
 q - a scroll of fear
 u - a scroll of immolation {unknown}
Potions
 e - a potion of cancellation
 i - a potion of agility
 l - 2 potions of brilliance
 t - a potion of poison {unknown}
 v - a potion of haste {unknown}
 w - a potion of magic {unknown}
Comestibles
 g - 3 bread rations


   Skills:
 * Level 2.2 Fighting
 * Level 2.9 Short Blades
 * Level 1.7(2.7) Slings
 * Level 2.6(2.8) Throwing
 * Level 4.0 Dodging
 * Level 7.5 Stealth


You had 4 spell levels left.
You didn't know any spells.

Dungeon Overview and Level Annotations

Branches:
Dungeon (4/15)
 Temple: D:4-7

Altars:
Fedhas
Kikubaaqudgha
Okawaru
Ru
Yredelemnul


Innate Abilities, Weirdness & Mutations

You are tiny and cannot use many weapons and most armour.
You have supernaturally acute eyesight.
You are a herbivore.
You cover ground extremely quickly.
You need consume almost no food.
Your flesh is heat resistant.


Message History

* * * LOW HITPOINT WARNING * * *
The ball python constricts you. The ball python completely misses you.
The adder barely misses you. The adder closely misses you.
The ball python closely misses you. The adder bites you.
* * * LOW HITPOINT WARNING * * *
You barely miss the ball python.
* * * LOW HITPOINT WARNING * * *
You feel sick. The ball python barely misses you.
The giant frog barely misses you. The ball python closely misses you.
The ball python constricts you. The adder completely misses you.
The adder barely misses you.
The ball python bites you but does no damage.
Your unstable footing causes you to fumble your attack.
The ball python bites you.
* * * LOW HITPOINT WARNING * * *
The giant frog closely misses you. The ball python misses you.
* * * LOW HITPOINT WARNING * * *
The ball python constricts you. The ball python misses you.
The adder completely misses you. The adder bites you.
You die... #≈≈≈≈≈≈# #≈r≈S≈ #≈≈≈≈≈≈# #≈≈≈.r #≈≈≈≈≈≈# #≈..rr #≈≈≈≈≈≈# #..rrr #≈≈≈≈≈≈# #≈..†. #≈≈≈≈≈≈# #≈≈r≈≈ #≈≈S≈≈≈# #≈(≈≈≈ #SSSSr≈#

#≈≈≈≈≈ #SS@SF≈#
#≈≈≈≈≈ #≈FSS≈≈#
#≈≈≈≈≈ #...J..#
#..... #......#
#..... ##......#
#.r.... #........
.S......
##................#
##..............##
......###


You could see 2 giant frogs, an ooze, 3 adders, 7 ball pythons and a rat.

Vanquished Creatures
  A scorpion (D:4)
  Ijyb (D:2)
  A hound skeleton (D:4)
  2 river rats (Sewer)
  3 adders
  An adder skeleton (D:4)
  A worm (D:2)
  A giant gecko (D:4)
  6 ball pythons
  8 goblins
  9 hobgoblins
  A quokka (D:4)
  5 bats
  4 giant cockroaches
  5 giant newts
  4 jackals
  A jackal skeleton (D:4)
  4 kobolds
  11 rats
69 creatures vanquished.

Notes
Turn   | Place    | Note
--------------------------------------------------------------
     0 | D:1      | homeworkjunkie the Spriggan Assassin began the quest for the Orb.
     0 | D:1      | Reached XP level 1. HP: 10/10 MP: 2/2
    67 | D:1      | Reached skill level 6 in Stealth
   136 | D:2      | Reached XP level 2. HP: 8/15 MP: 3/3
   478 | D:1      | Reached XP level 3. HP: 16/18 MP: 4/4
   986 | D:2      | Found an ancient bone altar of Kikubaaqudgha.
   989 | D:2      | Found a blossoming altar of Fedhas.
   989 | D:2      | Found a basalt altar of Yredelemnul.
   991 | D:2      | Found a sacrificial altar of Ru.
  1357 | D:3      | Gained mutation: Your flesh is heat resistant. [potion of beneficial mutation]
  1637 | D:2      | Noticed Ijyb
  1643 | D:2      | Killed Ijyb
  1643 | D:2      | Reached skill level 7 in Stealth
  1643 | D:2      | Reached XP level 4. HP: 23/23 MP: 5/5
  1939 | D:4      | Reached XP level 5. HP: 26/26 MP: 6/6
  2226 | D:4      | Reached skill level 1 in Slings
  2262 | D:4      | Found an iron altar of Okawaru.
  2273 | D:4      | Became a worshipper of Warmaster Okawaru
  2501 | D:4      | Found a glowing drain.
  2509 | Sewer    | Entered a sewer
  2988 | Sewer    | Slain by an adder

Action                   |  1- 3 |  4- 6 || total
-------------------------+-------+-------++-------
Melee: Dagger            |   100 |    50 ||   150
 Fire: Blowgun           |    21 |    20 ||    41
       Hunting sling     |       |    43 ||    43
 Abil: Evoke Teleportati |       |     1 ||     1
  Use: Scroll            |     3 |     3 ||     6
       Potion            |     2 |     1 ||     3
 Stab: Sleeping          |    14 |     2 ||    16
       Distracted        |     1 |       ||     1
